 Dungeon Crawl Stone Soup version 0.29-a0-834-g1e95ca9f62 (webtiles) character file.

Game seed: 4602073239442067750

3896 purpskrrrp the Covert (level 10, -4/49 HPs)
             Began as a Vine Stalker Enchanter on July 13, 2022.
             Was a High Priest of Makhleb.
             Killed from afar by an electric eel (11 damage)
             ... with a bolt of electricity
             ... on level 8 of the Dungeon.
             The game lasted 00:47:02 (9020 turns).

purpskrrrp the Covert (Vine Stalker Enchanter)      Turns: 9020, Time: 00:47:03

Health: -4/49      AC: 10    Str: 11    XL:     10   Next: 20%
Magic:  0/14       EV: 12    Int: 21    God:    Makhleb [*****.]
Gold:   186        SH: 10    Dex: 19    Spells: 14/14 levels left

rFire   + . .      SeeInvis .   x - +5 rapier of Uncertain Death {flame, Will+}
rCold   x . .      Faith    .   y - +1 kite shield
rNeg    . . .      Spirit   +   J - +0 steam dragon scales
rPois   .          Reflect  .   W - +1 helmet
rElec   .          Harm     .   C - +0 cloak
rCorr   .          Rampage  .   g - +0 pair of gloves
Will    ++...                   n - +0 pair of boots
Stlth   +++.......              (no amulet)
HPRegen 0.96/turn               u - ring of fire
MPRegen 0.14/turn               t - +6 ring of intelligence

@: very slow
A: fangs 3, regeneration 1, magic shield, antimagic bite, no potion heal 2
a: Renounce Religion, Minor Destruction, Lesser Servant of Makhleb, Major
Destruction, Greater Servant of Makhleb


You were on level 8 of the Dungeon.
You worshipped Makhleb.
Makhleb was extremely pleased with you.
You visited 1 branch of the dungeon, and saw 8 of its levels.
You also visited: Ossuary and Bailey.

You collected 438 gold pieces.
You spent 252 gold pieces at shops.

Inventory:

Hand Weapons
 a - a +5 vorpal dagger
 x - the +5 rapier of Uncertain Death (weapon) {flame, Will+}
   (You bought it in a shop on level 4 of the Dungeon)

   It burns those it strikes, dealing additional fire damage.
   Will:      It increases your willpower.
 T - a +1 halberd of electrocution
Missiles
 r - 16 poisoned darts
 H - 6 silver javelins (quivered)
Armour
 g - a +0 pair of gloves (worn)
 n - a +0 pair of boots (worn)
 y - a +1 kite shield (worn)
 C - a +0 cloak (worn)
 J - +0 steam dragon scales (worn)
 W - a +1 helmet (worn)
Jewellery
 b - an amulet of regeneration
 c - a ring of poison resistance
 o - a ring of positive energy
 q - a ring of see invisible
 t - a +6 ring of intelligence (right hand)
 u - a ring of fire (left hand)
Wands
 f - a wand of charming (3)
 j - a wand of digging (3)
 B - a wand of acid (13)
 G - a wand of mindburst (12)
 I - a wand of flame (18)
Scrolls
 d - a scroll of blinking
 m - 3 scrolls of immolation
 w - a scroll of noise
 A - a scroll of teleportation
 E - a scroll of enchant weapon
 K - a scroll of magic mapping
 M - 2 scrolls of poison
 P - a scroll of fog {unknown}
Potions
 e - 8 potions of mutation
 i - 3 potions of berserk rage
 k - 6 potions of haste
 l - 6 potions of degeneration
 p - 3 potions of resistance
 s - 10 potions of curing
 z - a potion of lignification
 D - 7 potions of heal wounds
 N - 2 potions of might
 Q - 2 potions of invisibility
 S - 2 potions of brilliance {unknown}
 U - a potion of experience {unknown}


   Skills:
 + Level 4.0 Fighting
 * Level 8.5 Short Blades
 + Level 3.8 Dodging
 * Level 11.2 Stealth
 + Level 2.0 Shields
 + Level 2.5 Spellcasting
 + Level 3.4 Hexes
 + Level 1.8 Invocations
 + Level 0.2 Evocations


You had 14 spell levels left.
You didn't know any spells.
Your spell library contained the following spells:

 Spells                   Type           Power      Damage    Failure   Level
 Confusing Touch          Hex            17%        N/A       32%         3
 Tukima's Dance           Hex            17%        N/A       32%         3
 Ensorcelled Hibernation  Hex/Ice        20%        N/A       34%         2
 Beastly Appendage        Tmut           4%         N/A       43%         1
 Wereblood                Tmut           2%         N/A       56%         2
 Dazzling Flash           Conj/Hex       20%        N/A       56%         3
 Gell's Gravitas          Tloc           2%         N/A       80%         3
 Spider Form              Tmut/Pois      2%         N/A       80%         3
 Teleport Other           Tloc           2%         N/A       80%         3
 Anguish                  Hex/Necr       5%         N/A       92%         4
 Dispersal                Tloc           1%         N/A       100%        6


Dungeon Overview and Level Annotations

Branches:
Dungeon (8/15)             Temple (0/1) D:4         Ossuary (visited)
 Bailey (visited)
   Lair: D:8-11

Altars:
Makhleb
Qazlal
Ru
Sif Muna
Vehumet
Yredelemnul
The Shining One

Shops:
D:4 [((*   D:8 *

Annotations:
D:3 2 transporters, PimpSugar's ghost, amateur DsHW


Innate Abilities, Weirdness & Mutations

You have razor-sharp teeth.
Your natural rate of healing is unusually fast.
When hurt, damage is shared between your health and your magic reserves.
Your bite disrupts and absorbs the magic of your enemies.
Potions cannot restore your health.


Message History

The electric eel shoots out a bolt of lightning at you!
The bolt of electricity misses you.
You closely miss the electric eel.
The electric eel is almost dead.
The electric eel shoots out a bolt of lightning at you!
The bolt of electricity hits you!
The electric eel shoots out a bolt of lightning at you!
The bolt of electricity hits the electric eel.
The electric eel completely resists.
The bolt of electricity hits you!
You closely miss the electric eel. You bite the electric eel.
You kill the electric eel!
Makhleb accepts your kill.
You feel better.
You hear a splash.
The electric eel shoots out a bolt of lightning at you!
The bolt of electricity hits you!
Your Shields skill increases to level 2!
You enter the shallow water.
Moving in this stuff is going to be slow.
Found 15 gold pieces.
You see here an electric eel corpse.
You barely miss the electric eel. You hit the electric eel.
You burn the electric eel.
The electric eel is heavily wounded.
The electric eel shoots out a bolt of lightning at you!
The bolt of electricity hits you!
You barely miss the electric eel. You bite the electric eel.
You drain its power.
You feel invigorated.
The electric eel is almost dead.
The electric eel shoots out a bolt of lightning at you!
The bolt of electricity hits you.
* * * LOW HITPOINT WARNING * * *
Your unstable footing causes you to fumble your attack.
The electric eel shoots out a bolt of lightning at you!
The bolt of electricity hits you!
* * * LOW HITPOINT WARNING * * *
Your unstable footing causes you to fumble your attack.
The electric eel shoots out a bolt of lightning at you!
The bolt of electricity hits you!
You die...

#.. #. #### #..#######
##. #.). $........#####
##..≈#)∩) ..>.......∩..
....≈#.).
.........#.#######.≈##.#
...................≈≈≈≈≈
..≈≈≈≈≈≈.##.######......
.≈≈≈≈≈S@..........#.#.##
≈≈≈≈≈≈≈≈.##..##.###.#.#
≈≈≈≈≈≈≈≈......#.###.#.##
≈≈≈≈≈≈...###..#.........
.........# ##.#####.#.##
.........# #...........
#.######## ##.####..[##
#. #.# #...# #.# #...#


You could see an electric eel.

Vanquished Creatures
  A wraith (D:7)
  A steam dragon (D:7)
  3 water moccasins
  3 ice beasts (D:6)
  2 sky beasts (D:7)
  2 black bears
  2 orc warriors
  3 ogres
  2 centaurs (D:7)
  3 bullfrogs
  4 scorpions
  A gnoll sergeant (D:6)
  A wight (D:7)
  An electric eel (D:8)
  4 hounds
  3 jellies
  A gnoll bouda (D:8)
  3 orc priests
  3 iguanas
  5 orc wizards
  12 mummies (Ossuary)
  27 gnolls
  7 adders
  A shadow imp (D:6)
  2 white imps
  An ufetubus (D:5)
  2 dart slugs (D:4)
  32 orcs
  11 endoplasms
  2 giant cockroaches
  14 hobgoblins
  2 jackals (D:1)
  8 kobolds
  6 quokkas
  4 ball pythons
  7 bats
  2 frilled lizards
  3 gnoll skeletons (Ossuary)
  12 goblins
  2 goblin skeletons (Ossuary)
  A kobold skeleton (Ossuary)
  2 orc skeletons (Ossuary)
  4 rats
  11 rat skeletons (Ossuary)
  2 rat zombies (D:7)
225 creatures vanquished.

Vanquished Creatures (collateral kills)
  A sky beast (D:7)
  A black bear (D:7)
  A kobold brigand (D:7)
  A jelly (D:7)
  2 orc wizards (D:4)
6 creatures vanquished.

Vanquished Creatures (others)
  A withered plant (D:1)
1 creature vanquished.

Grand Total: 232 creatures vanquished

Notes
Turn   | Place    | Note
-------+----------+-------------------------------------------
     0 | D:1      | purpskrrrp the Vine Stalker Enchanter began the quest for
                  | the Orb.
     0 | D:1      | Reached XP level 1. HP: 9/9 MP: 4/4
   280 | D:1      | Reached skill level 1 in Short Blades
   280 | D:1      | Reached XP level 2. HP: 6/13 MP: 4/6
   745 | D:1      | Reached skill level 4 in Stealth
   748 | D:1      | Reached XP level 3. HP: 17/17 MP: 7/7
   848 | D:1      | Found a faded altar of an unknown god.
  1190 | D:1      | Prayed at the altar of an unknown god.
  1190 | D:1      | Became a worshipper of Makhleb the Destroyer
  1190 | D:1      | Reached * piety under Makhleb
  2123 | D:2      | Gained mutation: Your natural rate of healing is unusually
                  | fast. [Vine Stalker growth]
  2123 | D:2      | Reached XP level 4. HP: 18/21 MP: 6/8
  2675 | D:3      | Reached ** piety under Makhleb
  2872 | D:3      | Noticed an ogre
  2873 | D:3      | Noticed PimpSugar's ghost (amateur DsHW)
  2873 | D:3      | Identified the +7 dire flail "Killer Bee's Doom" {flame,
                  | Will+ Int+6 Dex+6}
  2873 | D:3      | Noticed an ogre
  2884 | D:3      | Found a transporter.
  2888 | D:3      | Found a transporter.
  3236 | D:3      | Reached skill level 5 in Stealth
  4150 | D:4      | Found Wori's Weapon Shoppe.
  4174 | D:4      | Found Xuontarph's Antique Weapon Boutique.
  4177 | D:4      | Found Jeggamm's General Store.
  4196 | D:4      | Reached XP level 5. HP: 25/25 MP: 9/9
  4532 | D:4      | Found a staircase to the Ecumenical Temple.
  4537 | D:4      | Reached skill level 6 in Stealth
  4537 | D:4      | Reached XP level 6. HP: 29/29 MP: 8/10
  4685 | D:4      | Found a sacrificial altar of Ru.
  4745 | D:4      | Found Guph's Antique Armour Emporium.
  4822 | D:5      | Entered Level 5 of the Dungeon
  4858 | D:5      | Reached skill level 1 in Fighting
  5050 | D:5      | Reached XP level 7. HP: 35/35 MP: 11/11
  5174 | D:5      | Found a shimmering blue altar of Sif Muna.
  5187 | D:5      | Reached *** piety under Makhleb
  5189 | D:5      | Found a glowing golden altar of the Shining One.
  5403 | D:5      | Reached skill level 7 in Stealth
  5687 | D:4      | Bought an ancient rapier for 252 gold pieces
  5687 | D:4      | Identified the +5 rapier of Uncertain Death {flame, Will+}
                  | (You bought it in a shop on level 4 of the Dungeon)
  5747 | D:6      | Gained mutation: You have razor-sharp teeth. [Vine Stalker
                  | growth]
  5747 | D:6      | Reached XP level 8. HP: 39/39 MP: 10/12
  5821 | D:6      | Reached skill level 5 in Short Blades
  5821 | D:6      | Reached skill level 8 in Stealth
  6571 | D:7      | Reached XP level 9. HP: 27/44 MP: 13/13
  6577 | D:7      | Reached skill level 9 in Stealth
  6577 | D:7      | Reached skill level 1 in Invocations
  6780 | D:7      | Reached skill level 1 in Shields
  6947 | D:7      | Reached **** piety under Makhleb
  6952 | D:7      | Found a sand-covered staircase.
  6959 | Ossuary  | Entered an ossuary
  7378 | D:7      | Reached skill level 10 in Stealth
  7929 | D:7      | Found a stormy altar of Qazlal.
  7932 | D:7      | Found a radiant altar of Vehumet.
  7934 | D:7      | Found a basalt altar of Yredelemnul.
  8023 | D:8      | Reached XP level 10. HP: 49/49 MP: 12/14
  8107 | D:8      | Found a flagged portal.
  8121 | Bailey   | Entered a bailey
  8394 | Bailey   | Reached ***** piety under Makhleb
  8688 | D:8      | Reached skill level 11 in Stealth
  9003 | D:8      | Found Betau's General Store.
  9020 | D:8      | Killed from afar by an electric eel

Illustrated notes

Levels and vault maps discovered:
D:1:      ebering_trefoil_3fold, layout_basic,
          shapermc_ecumenical_altar_flowoftime
D:2:      layout_basic, grunt_ministairs_7
D:3:      minmay_spotlight, layout_basic, gammafunk_ghost_smash
D:4:      layout_rooms, mainiacjoe_overflow_brackets, minmay_temple_entry_mist,
          serial_shops, nicolae_stop_n_shop_2, nicolae_shop_crystal, shop, shop
D:5:      layout_layer_cave, grunt_temple_overflow_open,
          eino_small_chamber_without_monster
D:6:      layout_cave_pools
D:7:      layout_gridville, grunt_temple_overflow_diamond, enter_ossuary_4,
          minmay_joined_circles
D:8:      layout_basic, serial_shops, shop, enter_bailey_3

Skill      XL: |  1  2  3  4  5  6  7  8  9 10 |
---------------+-------------------------------+-----
Short Blades   | 1 2 3 4 6 8 |  8.5
Stealth        | 4 5 6 7 8 10 11 | 11.2
Dodging        | 2 3 |  3.8
Fighting       | 2 3 4 |  4.0
Invocations    | 1 |  1.8
Shields        | 1 2 |  2.0
Spellcasting   | |  2.5
Hexes          | |  3.4
Evocations     | |  0.2

Action                   |  1- 3 |  4- 6 |  7- 9 | 10-12 || total
-------------------------+-------+-------+-------+-------++-------
Melee: Dagger            |   103 |   180 |    37 |       ||   320
       Bite              |    31 |    39 |    72 |    17 ||   159
       Punch             |     1 |     1 |       |       ||     2
       Rapier            |       |       |   203 |    82 ||   285
Invok: Minor Destruction |       |     2 |     6 |       ||     8
       Lesser Servant of |       |       |     2 |       ||     2
Evoke: Wand              |       |     3 |       |       ||     3
  Use: Scroll            |       |    17 |    10 |     4 ||    31
       Potion            |       |     3 |       |       ||     3
 Stab: Sleeping          |    12 |     8 |    22 |    22 ||    64
       Invisible         |       |     6 |       |       ||     6
       Distracted        |       |       |       |     2 ||     2
Armor: Robe              |    23 |    26 |    38 |       ||    87
       Steam dragon scal |       |       |     6 |     7 ||    13
Dodge: Dodged            |    54 |    80 |   106 |    16 ||   256
Block: Kite shield       |       |       |    54 |    22 ||    76

Table legend: (Time is in decaauts)
 A = Elapsed time spent in this place.
 B = Non-inter-level travel time spent in this place.
 C = Inter-level travel time spent in this place.
 D = Time resting spent in this place.
 E = Time spent auto-exploring this place.
 F = Levels seen in this place.
 G = Mean time per level.
                   A        B        C        D        E       F      G
               +--------+--------+--------+--------+--------+-----+--------+
         Total |   8984 |   7899 |   1085 |    430 |   5159 |  10 |  898.4 |
       Dungeon |   8232 |   7147 |   1085 |    421 |   4890 |   8 | 1029.0 |
       Ossuary |    287 |    287 |      0 |      9 |    143 |   1 |  287.0 |
        Bailey |    464 |    464 |      0 |      0 |    126 |   1 |  464.0 |
               +--------+--------+--------+--------+--------+-----+--------+

Top non-repeatable levels by time:
     D:3: 1599 daAuts
     D:2: 1278 daAuts
     D:1: 1266 daAuts
     D:7: 1253 daAuts
     D:5: 862 daAuts
     D:6: 747 daAuts
     D:4: 672 daAuts
     D:8: 552 daAuts
  Bailey: 464 daAuts
 Ossuary: 287 daAuts
